TOP OF THE 1ST |
Hillsboro Hops batting - Pitching for Brooklyn Cyclones : RHP Jonathan Colyer
|
Pitching: RHP Jonathan Colyer
|
|
Batting: RHB Yutaka Oki
|
0-0: Swinging Strike 0-1: Swinging Strike 0-2: Ball 1-2: Strikes out swinging
|
Batting: RHB Daniel Rivera
|
0-0: Called Strike 0-1: Swinging Strike 0-2: Strikes out swinging
|
Batting: RHB Terry Jarrells
|
0-0: Foul Ball, location: 2F 0-1: Swinging Strike 0-2: Ball 1-2: Ground out 5-3 (Groundball, 56, EV 85.6 MPH)
|
Top of the 1st over - 0 runs, 0 hits, 0 errors, 0 left on base; Hillsboro 0 - Brooklyn 0 |
BOTTOM OF THE 1ST |
Brooklyn Cyclones batting - Pitching for Hillsboro Hops : RHP Jose Rodas
|
Pitching: RHP Jose Rodas
|
|
Batting: LHB Elmo Dreier
|
0-0: Foul Ball, location: 2F 0-1: Hit by Pitch
|
Batting: RHB Jack Nickleberry
|
0-0: Called Strike Elmo Dreier steals 2nd base 0-1: Ground out 5-3 (Groundball, 56, EV 104.4 MPH)
|
Batting: LHB Miguel Ramos
|
0-0: Ball 1-0: Ball Wild Pitch! Elmo Dreier to third 2-0: Ground out 3-1 (Groundball, 34S, EV 88.1 MPH) Elmo Dreier scores
|
Batting: RHB Victor Reyes
|
0-0: Called Strike 0-1: SINGLE (Groundball, 56, EV 106.2 MPH) (infield hit)
|
Batting: SHB Callum Lynch
|
0-0: Ball 1-0: Called Strike 1-1: Called Strike Victor Reyes steals 2nd base 1-2: Ball 2-2: Ground out U3 (Groundball, 3, EV 106.2 MPH)
|
Bottom of the 1st over - 1 run, 1 hit, 0 errors, 1 left on base; Hillsboro 0 - Brooklyn 1 |
TOP OF THE 2ND |
Hillsboro Hops batting - Pitching for Brooklyn Cyclones : RHP Jonathan Colyer
|
Batting: LHB Franklin Quezada
|
0-0: Reached on error, E4 (Groundball, 4, EV 84.4 MPH)
|
Batting: RHB Jonathan Underhill
|
0-0: Called Strike Franklin Quezada steals 2nd base 0-1: Ball 1-1: Ball 2-1: Ground out 5-3 (Groundball, 56, EV 106.2 MPH)
|
Batting: RHB Cesar Rendon
|
0-0: Ball 1-0: Foul Ball, location: 2F 1-1: Ball 2-1: Foul Ball, location: 2F 2-2: Strikes out swinging
|
Batting: RHB Antonio Luisa
|
0-0: Ball 1-0: Called Strike 1-1: Fly out, F7 (Flyball, 78S, EV 91.2 MPH)
|
Top of the 2nd over - 0 runs, 0 hits, 1 error, 1 left on base; Hillsboro 0 - Brooklyn 1 |
BOTTOM OF THE 2ND |
Brooklyn Cyclones batting - Pitching for Hillsboro Hops : RHP Jose Rodas
|
Batting: RHB Chris Pynn
|
0-0: Foul Ball, location: 2F 0-1: Foul Ball, location: 2F 0-2: Ball 1-2: Strikes out looking
|
Batting: RHB Roberto Delgado
|
0-0: Swinging Strike 0-1: Ball 1-1: Foul Ball, location: 2F 1-2: Strikes out swinging
|
Batting: RHB Tom Primmer
|
0-0: Called Strike 0-1: Ball 1-1: Fly out, F4 (Line Drive, 4M, EV 68.1 MPH)
|
Bottom of the 2nd over - 0 runs, 0 hits, 0 errors, 0 left on base; Hillsboro 0 - Brooklyn 1 |
TOP OF THE 3RD |
Hillsboro Hops batting - Pitching for Brooklyn Cyclones : RHP Jonathan Colyer
|
Batting: RHB Ryuki Ogasawara
|
0-0: Ball 1-0: Called Strike 1-1: SINGLE (Line Drive, 89S, EV 105.0 MPH)
|
Batting: RHB Trevor Corey
|
0-0: Called Strike Ryuki Ogasawara is caught stealing 2nd base 2-4 0-1: Called Strike 0-2: Ball 1-2: Ball 2-2: Strikes out looking
|
Batting: RHB Yutaka Oki
|
0-0: Called Strike 0-1: Foul Ball, location: 2F 0-2: Strikes out swinging
|
Top of the 3rd over - 0 runs, 1 hit, 0 errors, 0 left on base; Hillsboro 0 - Brooklyn 1 |
BOTTOM OF THE 3RD |
Brooklyn Cyclones batting - Pitching for Hillsboro Hops : RHP Jose Rodas
|
Batting: SHB Duri Chilemba
|
0-0: Ball 1-0: Foul Ball, location: 2F 1-1: Foul Ball, location: 2F 1-2: Ball 2-2: Ground out 4-3 (Groundball, 4S, EV 86.9 MPH)
|
Batting: LHB Elmo Dreier
|
0-0: Ball 1-0: Ball 2-0: Called Strike 2-1: Called Strike 2-2: Strikes out swinging
|
Batting: RHB Jack Nickleberry
|
0-0: Fly out, F8 (Flyball, 8LM, EV 98.1 MPH)
|
Bottom of the 3rd over - 0 runs, 0 hits, 0 errors, 0 left on base; Hillsboro 0 - Brooklyn 1 |
TOP OF THE 4TH |
Hillsboro Hops batting - Pitching for Brooklyn Cyclones : RHP Jonathan Colyer
|
Batting: RHB Daniel Rivera
|
0-0: Ball 1-0: Reached via error on a dropped throw from SS, E3 (Groundball, 6M, EV 88.8 MPH)
|
Batting: RHB Terry Jarrells
|
0-0: Ball 1-0: Ball 2-0: Called Strike 2-1: Ball 3-1: Base on Balls Daniel Rivera to second
|
Batting: LHB Franklin Quezada
|
0-0: Fly out, F7 (Flyball, 7D, EV 88.8 MPH) Runner from 2nd tags up, SAFE at 3rd, no throw by LF
|
Batting: RHB Jonathan Underhill
|
0-0: Called Strike 0-1: Fly out, F8 (Flyball, 8LD, EV 97.5 MPH)
|
Batting: RHB Cesar Rendon
|
0-0: Ball 1-0: DOUBLE (Flyball, 8LXD, EV 106.2 MPH) Daniel Rivera scores Terry Jarrells to third Runner from 3rd tries for Home, SAFE, throw by CF to home
|
Batting: RHB Antonio Luisa
|
0-0: Ball 1-0: Called Strike 1-1: SINGLE (Groundball, 6MD, EV 105.6 MPH) Cesar Rendon to third Runner from 3rd tries for Home, SAFE, throw by CF to home Antonio Luisa to second
|
Batting: RHB Ryuki Ogasawara
|
0-0: Called Strike 0-1: Ball 1-1: Swinging Strike 1-2: Ball 2-2: Ground out U3 (Groundball, 3L, EV 79.4 MPH)
|
Top of the 4th over - 3 runs, 2 hits, 1 error, 1 left on base; Hillsboro 3 - Brooklyn 1 |
BOTTOM OF THE 4TH |
Brooklyn Cyclones batting - Pitching for Hillsboro Hops : RHP Jose Rodas
|
Batting: LHB Miguel Ramos
|
0-0: Ball 1-0: Ball 2-0: Called Strike 2-1: Swinging Strike 2-2: Foul Ball, location: 2F 2-2: Foul Ball, location: 2F 2-2: Ball 3-2: Foul Ball, location: 2F 3-2: DOUBLE (Line Drive, 78XD, EV 103.1 MPH)
|
Batting: RHB Victor Reyes
|
0-0: Ball 1-0: Foul Ball, location: 2F 1-1: Ball 2-1: Called Strike 2-2: Strikes out swinging
|
Batting: SHB Callum Lynch
|
0-0: Called Strike 0-1: SINGLE (Line Drive, 6D, EV 99.4 MPH) Miguel Ramos to third Runner from 3rd tries for Home, SAFE, throw by CF to home
|
Batting: RHB Chris Pynn
|
0-0: Called Strike 0-1: Foul Ball, location: 2F 0-2: Strikes out swinging
|
Batting: RHB Roberto Delgado
|
0-0: Called Strike Callum Lynch steals 2nd base 0-1: Called Strike 0-2: Ball 1-2: Ball Passed Ball! Callum Lynch to third 2-2: Strikes out swinging
|
Bottom of the 4th over - 1 run, 2 hits, 0 errors, 1 left on base; Hillsboro 3 - Brooklyn 2 |
TOP OF THE 5TH |
Hillsboro Hops batting - Pitching for Brooklyn Cyclones : RHP Jonathan Colyer
|
Batting: RHB Trevor Corey
|
0-0: Swinging Strike 0-1: Called Strike 0-2: Strikes out looking
|
Batting: RHB Yutaka Oki
|
0-0: DOUBLE (Groundball, 5L, EV 107.5 MPH)
|
Batting: RHB Daniel Rivera
|
0-0: Called Strike 0-1: Foul Ball, location: 2F 0-2: Fly out, F9 (Flyball, 9, EV 97.5 MPH) Runner from 2nd tags up, SAFE at 3rd with throw by RF
|
Batting: RHB Terry Jarrells
|
0-0: Foul Ball, location: 2F 0-1: Foul Ball, location: 2F 0-2: Strikes out swinging
|
Top of the 5th over - 0 runs, 1 hit, 0 errors, 1 left on base; Hillsboro 3 - Brooklyn 2 |
BOTTOM OF THE 5TH |
Brooklyn Cyclones batting - Pitching for Hillsboro Hops : RHP Jose Rodas
|
Batting: RHB Tom Primmer
|
0-0: Called Strike 0-1: Called Strike 0-2: Ground out 5-3 (Groundball, 56, EV 80.6 MPH)
|
Batting: SHB Duri Chilemba
|
0-0: Foul Ball, location: 2F 0-1: Called Strike 0-2: Ball 1-2: Ground out 6-3 (Groundball, 6, EV 90.0 MPH)
|
Batting: LHB Elmo Dreier
|
0-0: Ball 1-0: Ground out 4-3 (Groundball, 4S, EV 83.1 MPH)
|
Bottom of the 5th over - 0 runs, 0 hits, 0 errors, 0 left on base; Hillsboro 3 - Brooklyn 2 |
TOP OF THE 6TH |
Hillsboro Hops batting - Pitching for Brooklyn Cyclones : RHP Jonathan Colyer
|
Batting: LHB Franklin Quezada
|
0-0: Ground out 4-3 (Groundball, 4S, EV 85.0 MPH)
|
Batting: RHB Jonathan Underhill
|
0-0: Foul Ball, location: 2F 0-1: Foul Ball, location: 2F 0-2: Foul Ball, location: 2F 0-2: Ground out 6-3 (Groundball, 6, EV 103.1 MPH)
|
Batting: RHB Cesar Rendon
|
0-0: Foul Ball, location: 2F 0-1: Ball 1-1: Foul Ball, location: 2F 1-2: Ball 2-2: Ball 3-2: Fly out, F9 (Flyball, 89D, EV 109.4 MPH)
|
Top of the 6th over - 0 runs, 0 hits, 0 errors, 0 left on base; Hillsboro 3 - Brooklyn 2 |
BOTTOM OF THE 6TH |
Brooklyn Cyclones batting - Pitching for Hillsboro Hops : RHP Jose Rodas
|
Batting: RHB Jack Nickleberry
|
0-0: Ball 1-0: Foul Ball, location: 2F 1-1: Ball 2-1: Foul Ball, location: 2F 2-2: Foul Ball, location: 2F 2-2: Ground out 5-3 (Groundball, 5, EV 86.2 MPH)
|
Batting: LHB Miguel Ramos
|
0-0: Called Strike 0-1: Ball 1-1: Ball 2-1: Swinging Strike 2-2: Strikes out looking
|
Batting: RHB Victor Reyes
|
0-0: Ball 1-0: Ball 2-0: Fly out, F9 (Flyball, 89XD, EV 98.8 MPH)
|
Bottom of the 6th over - 0 runs, 0 hits, 0 errors, 0 left on base; Hillsboro 3 - Brooklyn 2 |
TOP OF THE 7TH |
Hillsboro Hops batting - Pitching for Brooklyn Cyclones : RHP Jonathan Colyer
|
Batting: RHB Antonio Luisa
|
0-0: Ball 1-0: Foul Ball, location: 2F 1-1: Ground out 4-3 (Groundball, 4MD, EV 81.2 MPH)
|
Batting: RHB Ryuki Ogasawara
|
0-0: Called Strike 0-1: Foul Ball, location: 2F 0-2: Ground out 6-3 (Groundball, 6, EV 88.8 MPH)
|
Batting: RHB Trevor Corey
|
0-0: Called Strike 0-1: Ground out 6-3 (Groundball, 6, EV 90.0 MPH)
|
Top of the 7th over - 0 runs, 0 hits, 0 errors, 0 left on base; Hillsboro 3 - Brooklyn 2 |
BOTTOM OF THE 7TH |
Brooklyn Cyclones batting - Pitching for Hillsboro Hops : RHP Jose Rodas
|
Batting: SHB Callum Lynch
|
0-0: Foul Ball, location: 2F 0-1: SINGLE (Groundball, 6MD, EV 100.6 MPH)
|
Batting: RHB Chris Pynn
|
0-0: Ball Callum Lynch is caught stealing 2nd base 2-4 1-0: Swinging Strike 1-1: Swinging Strike 1-2: Ball 2-2: Foul Ball, location: 2F 2-2: Ground out 6-3 (Groundball, 6, EV 89.4 MPH)
|
Batting: RHB Roberto Delgado
|
0-0: Foul Ball, location: 2F 0-1: Ball 1-1: Ball 2-1: Ground out 4-3 (Groundball, 4S, EV 62.5 MPH)
|
Bottom of the 7th over - 0 runs, 1 hit, 0 errors, 0 left on base; Hillsboro 3 - Brooklyn 2 |
TOP OF THE 8TH |
Hillsboro Hops batting - Pitching for Brooklyn Cyclones : RHP Jonathan Colyer
|
Batting: RHB Yutaka Oki
|
0-0: Ball 1-0: Ball 2-0: Called Strike 2-1: Foul Ball, location: 2F 2-2: Strikes out looking
|
Batting: RHB Daniel Rivera
|
0-0: Ball 1-0: DOUBLE (Flyball, 8RXD, EV 111.2 MPH)
|
Batting: RHB Terry Jarrells
|
0-0: Ground out 5-3 (Groundball, 56, EV 81.9 MPH)
|
Batting: LHB Franklin Quezada
|
0-0: Ball 1-0: Fly out, F7 (Flyball, 78S, EV 81.9 MPH)
|
Top of the 8th over - 0 runs, 1 hit, 0 errors, 1 left on base; Hillsboro 3 - Brooklyn 2 |
BOTTOM OF THE 8TH |
Brooklyn Cyclones batting - Pitching for Hillsboro Hops : RHP Jose Rodas
|
Pinch Hitting: RHB Jayden Copeland
|
0-0: Ball 1-0: Ground out 4-3 (Groundball, 4S, EV 86.2 MPH)
|
Pinch Hitting: RHB Matt Tittle
|
0-0: Ball 1-0: Ball 2-0: Ground out 2-3 (Groundball, 2L, EV 61.9 MPH)
|
Batting: LHB Elmo Dreier
|
0-0: Ball 1-0: Ball 2-0: Swinging Strike 2-1: Fly out, F5 (Popup, 5F, EV 56.9 MPH)
|
Bottom of the 8th over - 0 runs, 0 hits, 0 errors, 0 left on base; Hillsboro 3 - Brooklyn 2 |
TOP OF THE 9TH |
Hillsboro Hops batting - Pitching for Brooklyn Cyclones : RHP Jonathan Colyer
|
Now at 3B: Matt Tittle
|
|
Now in LF: Salvador Gomez
|
|
Batting: RHB Jonathan Underhill
|
0-0: Swinging Strike 0-1: Swinging Strike 0-2: Foul Ball, location: 2F 0-2: Ball 1-2: Foul Ball, location: 2F 1-2: DOUBLE (Flyball, 89XD, EV 100.0 MPH)
|
Pitching: RHP Felipe Hinojosa
|
|
Pinch Runner at 2nd Danny Loyola:
|
|
Batting: RHB Cesar Rendon
|
0-0: Called Strike 0-1: Swinging Strike 0-2: Foul Ball, location: 2F 0-2: Ball 1-2: Ball 2-2: Strikes out looking
|
Batting: RHB Antonio Luisa
|
0-0: Intentional Walk
|
Batting: RHB Ryuki Ogasawara
|
0-0: Ground out 3-1 (Groundball, 34S, EV 85.0 MPH) Danny Loyola to third Antonio Luisa to second
|
Batting: RHB Trevor Corey
|
0-0: Ground out 3-1 (Groundball, 34S, EV 81.2 MPH)
|
Top of the 9th over - 0 runs, 1 hit, 0 errors, 2 left on base; Hillsboro 3 - Brooklyn 2 |
BOTTOM OF THE 9TH |
Brooklyn Cyclones batting - Pitching for Hillsboro Hops : RHP Jose Rodas
|
Pitching: RHP John Meyer
|
|
Now at 2B: Daniel Rivera
|
|
Now at 3B: Orlando Florez
|
|
Pinch Hitting: RHB Darwin Mills
|
0-0: Swinging Strike 0-1: Swinging Strike 0-2: Ball 1-2: Strikes out swinging
|
Batting: LHB Miguel Ramos
|
0-0: Ball 1-0: Foul Ball, location: 2F 1-1: Swinging Strike 1-2: Ball 2-2: Strikes out looking
|
Batting: RHB Victor Reyes
|
0-0: Ball 1-0: Ball 2-0: Called Strike 2-1: Ball 3-1: Called Strike 3-2: Base on Balls
|
Batting: SHB Callum Lynch
|
0-0: Called Strike 0-1: Foul Ball, location: 2F 0-2: Ball 1-2: Foul Ball, location: 2F 1-2: Ball 2-2: Strikes out swinging
|
Bottom of the 9th over - 0 runs, 0 hits, 0 errors, 1 left on base; Hillsboro 3 - Brooklyn 2 |
|